 Dungeon Crawl Stone Soup version 0.29.1-2-gbd0b4ee654 (webtiles) character file.

Game seed: 16128717029998272978

16 Lutefisk the Unbeliever (level 2, 0/22 HPs)
             Began as a Human Wanderer on Oct 30, 2022.
             Killed from afar by a dart slug (4 damage)
             ... with a slug dart
             ... on level 1 of the Dungeon.
             The game lasted 00:05:19 (666 turns).

Lutefisk the Unbeliever (Human Wanderer)             Turns: 666, Time: 00:05:20

Health: 0/22       AC:  2    Str:  9    XL:     2   Next: 70%
Magic:  2/3        EV: 11    Int: 13    God:
Gold:   52         SH:  0    Dex: 14    Spells: 1/3 levels left

rFire   . . .      SeeInvis .   a - +0 dagger
rCold   . . .      Faith    .   (no shield)
rNeg    . . .      Spirit   .   c - +0 robe
rPois   .          Reflect  .   (no helmet)
rElec   .          Harm     .   (no cloak)
rCorr   .          Rampage  .   (no gloves)
Will    .....                   (no boots)
Stlth   +.........              (no amulet)
HPRegen 0.07/turn               (no ring)
MPRegen 0.08/turn               (no ring)

@: very slightly contaminated
A: no striking features
a: no special abilities


You were on level 1 of the Dungeon.
You visited 1 branch of the dungeon, and saw 1 of its levels.

You collected 52 gold pieces.

Inventory:

Hand Weapons
 a - a +0 dagger (weapon)
Missiles
 e - 6 atropa-tipped darts
Armour
 c - a +0 robe (worn)
Scrolls
 b - a scroll of fear
 h - a scroll of immolation {unknown}
 i - a scroll of identify {unknown}
Potions
 f - a potion of curing {unknown}
 g - a potion of haste {unknown}
Miscellaneous
 d - a piece from Xom's chessboard (15/15) (quivered)


   Skills:
 * Level 2.0 Fighting
 - Level 1.0 Armour
 - Level 1.0 Dodging
 - Level 1.0 Spellcasting
 - Level 2.0 Necromancy
 - Level 2.0 Air Magic
 - Level 2.0 Invocations
 - Level 1.0 Evocations


You had one spell level left.
You knew the following spells:

 Your Spells              Type           Power      Damage    Failure   Level
a - Necrotise             Necr           24%        1d5       12%         1
b - Shock                 Conj/Air       12%        1d3       19%         1

Your spell library contained the following spells:

 Spells                   Type           Power      Damage    Failure   Level
 Poisonous Vapours        Pois/Air       6%         N/A       28%         2
 Vampiric Draining        Necr           6%         2d6       36%         3
 Summon Lightning Spire   Summ/Air       3%         N/A       88%         4


Dungeon Overview and Level Annotations

Branches:
Dungeon (1/15)

Altars:


Message History

You kill the hobgoblin!
You see here a +0 club.
There is an open door here.
Found a scroll labelled ITALEK SUROSYMEDD.
h - a scroll labelled YTWIFOU WACATE
i - a scroll labelled ITALEK SUROSYMEDD You open the door.
A dart slug comes into view.
There is an open door here.
Found a scroll labelled WUMEWYSHI.
The dart slug launches a dart at you. The slug dart hits you.
Casting: Shock (safe; 19% risk of failure)
Confirm with . or Enter, or press ? or * to list all spells.
Aiming: Shock (safe; 19% risk of failure)
Press: ? - help, Shift-Dir - straight line, f - dart slug
Aim: a dart slug (100% to hit)
You miscast Shock.
You are very lightly contaminated with residual magic.
Nothing appears to happen.
The dart slug launches a dart at you. The slug dart hits you.
The dart slug launches a dart at you. The slug dart hits you.
You hit the dart slug.
The dart slug is moderately wounded.
The dart slug launches a dart at you. The slug dart misses you.
You barely miss the dart slug.
The dart slug is moderately wounded.
You hit the dart slug.
The dart slug is heavily wounded.
The dart slug launches a dart at you. The slug dart hits you.
* * * LOW HITPOINT WARNING * * *
You hit the dart slug.
The dart slug is almost dead.
The dart slug launches a dart at you. The slug dart hits you.
You die...

#.# #. .# #.# .##. #.
#.#######. #.#
##......... #.# #
##...####### #.# ##.#
#.....####### #.###...
.............##.#... #..
#.....##......#.#w##...#
##...## ###?...@....#
##.## #......##### #.#
#........... #.####
##.#.#.##### ##.##
#....# #.#.### ...
####.# ..#.# ... #.#
####'## ... #.# ##...##
#.# ##.# ##.....##
####.#


You could see a dart slug.

Vanquished Creatures
  2 bats (D:1)
  2 giant cockroaches (D:1)
  3 goblins (D:1)
  2 hobgoblins (D:1)
  A ball python (D:1)
  A kobold (D:1)
  3 rats (D:1)
14 creatures vanquished.

Notes
Turn   | Place    | Note
-------+----------+-------------------------------------------
     0 | D:1      | Lutefisk the Human Wanderer began the quest for the Orb.
     0 | D:1      | Lutefisk set off with the following items: a +0 dagger, a
                  | scroll of fear, a +0 robe, a piece from Xom's chessboard
                  | (15/15); and the following spells available to memorise:
                  | Necrotise, Shock, Poisonous Vapours, Vampiric Draining,
                  | Summon Lightning Spire.
     0 | D:1      | Reached XP level 1. HP: 13/13 MP: 2/2
   227 | D:1      | Learned a level 1 spell: Necrotise
   229 | D:1      | Learned a level 1 spell: Shock
   273 | D:1      | Reached skill level 1 in Fighting
   354 | D:1      | Reached XP level 2. HP: 19/21 MP: 0/3
   666 | D:1      | Killed from afar by a dart slug

Illustrated notes

Levels and vault maps discovered:
D:1:      dpeg_arrival_simpleton_a, layout_loops_corners,
          minmay_shallow_snake_nest

Skill      XL: |  1  2 |
---------------+-------+-----
Fighting       | 1 2 |  2.0
Armour         | |  1.0
Dodging        | |  1.0
Spellcasting   | |  1.0
Necromancy     | |  2.0
Air Magic      | |  2.0
Invocations    | |  2.0
Evocations     | |  1.0

Action                   || total
-------------------------++-------
Melee: Dagger            ||    57
       Punch             ||     1
 Cast: Necrotise         ||     9
       Shock             ||     4
Armor: Robe              ||     8
Dodge: Dodged            ||    33
